 Dungeon Crawl Stone Soup version 0.27.0-1-g7a089689b8 (webtiles) character file.

Game seed: 7054643122656424127

61 mainiacjoe the Chopper (level 4, -6/41 HPs)
             Began as a Hill Orc Monk on Aug 14, 2021.
             Mangled by Sigmund (11 damage)
             ... on level 1 of the Dungeon.
             The game lasted 00:03:49 (2101 turns).

mainiacjoe the Chopper (Hill Orc Monk)              Turns: 2101, Time: 00:03:50

Health: -6/41      AC:  6    Str: 14    XL:     4   Next: 7%
Magic:  4/4        EV:  9    Int: 10    God:
Gold:   31         SH:  0    Dex: 13    Spells: 3/3 levels left

rFire    . . .     SeeInvis .   a - +0 hand axe
rCold    . . .     Faith    .   (no shield)
rNeg     . . .     Spirit   .   e - +0 scale mail
rPois    .         Reflect  .   (no helmet)
rElec    .         Harm     .   (no cloak)
rCorr    .         Rampage  .   (no gloves)
Will     .....                  (no boots)
Stlth    ..........             (no amulet)
HPRegen  0.13/turn              (no ring)
MPRegen  0.09/turn              (no ring)

@: no status effects
A: no striking features
a: no special abilities


You were on level 1 of the Dungeon.
You visited 1 branch of the dungeon, and saw 2 of its levels.

You collected 42 gold pieces.
You spent 11 gold pieces at shops.

Inventory:

Hand Weapons
 a - a +0 hand axe (weapon)
Missiles
 g - 14 sling bullets
 k - 4 stones (quivered)
Armour
 b - a +0 robe
 e - a +0 scale mail (worn)
Jewellery
 c - a ring of wizardry
Wands
 i - a wand of flame (12)
Scrolls
 f - a scroll of identify {unknown}
 j - a scroll of acquirement {unknown}
Potions
 d - a potion of curing {unknown}
 h - a potion of degeneration


   Skills:
 + Level 4.4 Fighting
 * Level 5.7 Axes
 - Level 2.4 Dodging
 - Level 1.5 Stealth


You had 3 spell levels left.
You didn't know any spells.
Your spell library was empty.

Dungeon Overview and Level Annotations

Branches:
Dungeon (2/15)

Altars:

Shops:
D:2 !

Annotations:
D:2 Sigmund


Message History

You closely miss the rat.
The quokka bites you but does no damage.
The rat bites you but does no damage.
You barely miss the quokka.
The quokka is heavily wounded.
You closely miss the rat.
The quokka bites you but does no damage.
Sigmund gestures wildly while chanting.
Sigmund flickers and vanishes!
Deactivating autopickup; reactivate with Ctrl-A.
The rat bites you but does no damage. The quokka barely misses you.
You hit the quokka but do no damage.
The quokka is heavily wounded.
You hit the rat.
You kill the rat!
The quokka barely misses you.
You closely miss the quokka.
The quokka is heavily wounded.
Something hits you but does no damage.
The quokka twitches its whiskers.
The quokka bites you but does no damage.
You barely miss the quokka.
The quokka is heavily wounded.
Something hits you! The quokka completely misses you.
You hit the quokka.
You kill the quokka!
You barely miss the rat. The rat barely misses you. Something hits you!
The rat barely misses you. Something hits you!
* * * LOW HITPOINT WARNING * * *
There is an escape hatch in the ceiling here.
You see here a quokka corpse.
The rat bites you.
* * * LOW HITPOINT WARNING * * *
Something hits you.
* * * LOW HITPOINT WARNING * * *
A mysterious force pulls you upwards. The hatch slams shut behind you.
Reactivating autopickup.
Unknown command.
The rat bites you but does no damage. Something hits you!
You die...

###################
#...........#...... #####
#...........#.####.
....###########...........#.#
#.
....##..........@r{.......#.#
#.
....##....................#.##
#.
....##.......................#
#.
#######.#..#.##...........#.##
#.
.............#####....#.#...#
#.
#######....#.###....#.#.#.#.#
#.
#######....#.....#.##.#.#.#.#
#.
.............###...##.#.#.#.#
#. #####..###..##
#.##.....#...# #.


You could see a rat.

Vanquished Creatures
  An adder (D:2)
  A gnoll (D:2)
  A worm (D:2)
  A dart slug (D:2)
  A ball python (D:1)
  5 endoplasms
  2 goblins
  4 hobgoblins
  7 jackals
  A quokka (D:2)
  2 bats (D:1)
  2 frilled lizards (D:1)
  5 kobolds
  2 rats
35 creatures vanquished.

Notes
Turn   | Place    | Note
-------+----------+-------------------------------------------
     0 | D:1      | mainiacjoe the Hill Orc Monk began the quest for the Orb.
     0 | D:1      | Reached XP level 1. HP: 19/19 MP: 1/1
   172 | D:1      | Reached XP level 2. HP: 25/27 MP: 2/2
   188 | D:1      | Found a faded altar of an unknown god.
  1108 | D:1      | Reached skill level 5 in Axes
  1164 | D:2      | Reached XP level 3. HP: 31/33 MP: 3/3
  1414 | D:2      | Found Himo Int's Distillery.
  1436 | D:2      | Bought a potion of degeneration for 11 gold pieces
  1967 | D:2      | Reached XP level 4. HP: 39/41 MP: 4/4
  2046 | D:2      | Noticed Sigmund
  2101 | D:1      | Mangled by Sigmund

Illustrated notes

Levels and vault maps discovered:
D:1:      nicolae_arrival_somewhat_less_tricky_arrival, layout_basic,
          shapermc_ecumenical_altar_mp_highgroup
D:2:      layout_rooms, serial_shops, shop, cheibrodos_gnoll_hut, uniq_sigmund

Skill      XL: |  1  2 |
---------------+-------+-----
Fighting       | 4 |  4.4
Axes           | 5 |  5.7
Dodging        | |  2.4
Stealth        | |  1.5

Action                   |  1- 3 |  4- 6 || total
-------------------------+-------+-------++-------
Melee: Hand axe          |   151 |    12 ||   163
Throw: Stone             |     1 |     1 ||     2
Evoke: Wand              |       |     1 ||     1
 Stab: Sleeping          |     1 |       ||     1
Armor: Robe              |     8 |       ||     8
       Scale mail        |    42 |    11 ||    53
Dodge: Dodged            |    85 |    14 ||    99
